 Dungeon Crawl Stone Soup version 0.19-a0-630-g098d46c (webtiles) character file.

6458 richardnixon the Cleaver (level 11, -7/77 HPs)
             Began as a Formicid Abyssal Knight on June 13, 2016.
             Was a High Priest of Lugonu.
             Mangled by a minotaur
             ... wielding a +3 rod of ignition (10/10)
              (14 damage)
             ... in a labyrinth.
             The game lasted 00:28:26 (12231 turns).

richardnixon the Cleaver (Formicid Abyssal Knight) Turns: 12231, Time: 00:28:26

Health: -7/77      AC: 14    Str: 22    XL:     11   Next: 19%
Magic:  17/17      EV: 15    Int: 12    God:    Lugonu [*****.]
Gold:   534        SH: 10    Dex: 15    Spells: 0 memorised, 10 levels left

rFire  . . .     SeeInvis +     a - +8 war axe of Midnight {pain, +Rage MR++ Str-3 SInv}
rCold  . . .     Gourm    .     G - +0 steam dragon armour {rSteam}
rNeg   . . .     Faith    .     t - +0 shield
rPois  .         Spirit   .     (helmet unavailable)
rElec  .         Dismiss  .     E - +0 cloak
rCorr  .         Reflect  .     N - +1 pair of gloves
SustAt +         Harm     .     h - +1 pair of boots
MR     +++..                    (no amulet)
Stlth  ++........               J - ring of sustain attributes
                                w - +3 ring of protection

@: mighty, agile, extremely resistant to hostile enchantments, unstealthy
A: permanent stasis, dig shafts and tunnels, four strong arms, antennae 3
a: Dig, Shaft Self, Depart the Abyss, Bend Space, Banish, Corrupt, Enter the
Abyss, Renounce Religion


You were in a labyrinth.
You worshipped Lugonu.
Lugonu was extremely pleased with you.
You were not hungry.

You visited 3 branches of the dungeon, and saw 11 of its levels.
You visited the Abyss 1 time.
You also visited: Labyrinth.

You collected 604 gold pieces.
You spent 70 gold pieces at shops.

Inventory:

Hand Weapons
 a - the +8 war axe of Midnight (weapon) {pain, +Rage MR++ Str-3 SInv}
   (You found it on level 4 of the Dungeon)

   In the hands of one skilled in necromantic magic, it inflicts extra damage on
   living creatures.
   It affects your strength (-3).
   It affects your resistance to hostile enchantments.
   It lets you see invisible.
   It lets you go berserk.
 s - a +0 blowgun
   (You took it off a kobold on level 8 of the Dungeon)
 R - a +1 hunting sling of velocity
   (You took it off a goblin on level 9 of the Dungeon)
Missiles
 F - 26 poisoned needles
 O - a throwing net {=f, !d}
 Q - 6 needles of sleeping
Armour
 h - a +1 pair of boots (worn)
   (You found it on level 1 of the Dungeon)
 t - a +0 shield (worn)
   (You found it on level 4 of the Dungeon)
 E - a +0 cloak (worn)
   (You found it in a labyrinth)
 G - a +0 steam dragon armour (worn) {rSteam}
   (You found it on level 5 of the Dungeon)
 N - a +1 pair of gloves (worn)
   (You found it on level 7 of the Dungeon)
 T - a +0 plate armour
   (You took it off an orc warrior on level 9 of the Dungeon)
Jewellery
 n - an uncursed amulet of dismissal
   (You found it on level 2 of the Dungeon)
 w - a +3 ring of protection (left hand)
   (You found it on level 4 of the Dungeon)
 J - a ring of sustain attributes (right hand)
   (You found it on level 6 of the Dungeon)
Wands
 e - a wand of flame (18/48)
   (You took it off a big kobold on level 8 of the Dungeon)
 x - a wand of disintegration (11/24)
   (You found it on level 6 of the Dungeon)
 H - a wand of lightning (8/15)
   (You found it on level 6 of the Dungeon)
 L - a wand of confusion (26/48)
   (You found it on level 6 of the Dungeon)
Scrolls
 g - a scroll of enchant weapon
 j - 2 scrolls of recharging
 k - a scroll of magic mapping {!r}
 z - 2 scrolls of fear
 A - a scroll of immolation {!r}
 C - 4 scrolls of remove curse
 I - 2 scrolls of identify
Potions
 f - 2 potions of magic
 i - 5 potions of curing
 o - 4 potions of cure mutation {!q}
 p - a potion of brilliance
 q - 2 potions of might
 r - 2 potions of lignification {!q}
 K - a potion of flight
Books
 M - a book of the Earth
   (You found it on level 6 of the Dungeon)
Comestibles
 b - 2 slices of pizza
 c - 6 bread rations {@e1}
 d - 15 fruits
 u - 4 meat rations {@e2}
 v - 2 beef jerkies
 B - a royal jelly


   Skills:
 + Level 4.2 Fighting
 - Level 12.7(13.1) Axes
   Level 5.6(10.1) Maces & Flails
 + Level 3.3 Armour
 - Level 0.8 Dodging
 * Level 3.8 Shields
 - Level 8.1 Invocations


You had 10 spell levels left.
You didn't know any spells.

Dungeon Overview and Level Annotations

Branches:
Dungeon (9/15)             Temple (1/1) D:4            Lair (1/6) D:9
    Orc (0/2) D:9

Altars:
Cheibriados
Elyvilon
Gozag
Hepliaklqana
Makhleb
Nemelex Xobeh
Okawaru
Pakellas
Qazlal
Ru
Sif Muna
Xom
Zin
The Shining One

Shops:
D:6 %   D:9 ?

Annotations:
D:9 acq 728


Innate Abilities, Weirdness & Mutations

You are under a permanent stasis effect.
You can dig through walls and to a lower floor.
Your four strong arms can wield two-handed weapons with a shield.
You have a pair of large antennae on your head. (SInv)


Message History

Mmmm...
Yummy breadfruit.
A hungry ghost comes into view.
The hungry ghost moves out of view.
A hungry ghost comes into view.
The hungry ghost hits you.
You feel a lot more hungry.
You barely miss the hungry ghost. The hungry ghost hits you.
You are feeling very hungry.
You miss the hungry ghost. The hungry ghost hits you.
You feel quite a bit more hungry.
You hit the hungry ghost. You closely miss the hungry ghost.
The hungry ghost hits you.
You are near starving!
You block the hungry ghost's attack.
You slash the hungry ghost! x2; The hungry ghost hits you.
You are starving!
You block the hungry ghost's attack.
You take 1 damage, and have 76/77 hp.
You slash the hungry ghost! You barely miss the hungry ghost.
The hungry ghost closely misses you. The hungry ghost hits you.
You feel somewhat more hungry.
You slice the hungry ghost!!
You destroy the hungry ghost!
Lugonu accepts your kill.
You barely miss the hungry ghost. The hungry ghost hits you.
You feel somewhat more hungry.
You slash the hungry ghost! The hungry ghost barely misses you.
You closely miss the hungry ghost. You block the hungry ghost's attack.
You hit the hungry ghost. The hungry ghost hits you.
You are fainting from starvation!
Health restored: 77 You closely miss the hungry ghost.
The hungry ghost hits you.
You feel slightly more hungry.
You slash the hungry ghost!
You destroy the hungry ghost!
Lugonu accepts your kill.
Eat which item? (? for menu, Esc to quit)
You are near starving!
That lychee was delicious!
Eat which item? (? for menu, Esc to quit)
You are feeling very hungry.
That lime was rather sour... but delicious nonetheless!
Eat which item? (? for menu, Esc to quit)
That choko was very bland.
Eat which item? (? for menu, Esc to quit)
Mmm - a full handful of bilberries!
E - a cloak Wear which item? (? for menu, Esc to quit)
You start putting on your armour.
You continue putting on your cloak. x4
You finish putting on your +0 cloak.
Drop what? 45/52 slots (_ for help) (? for menu, Esc to quit)
You drop a +1 whip.
You drop a +1 mace.
You drop a flail of protection.
Okay, then.
As you read the scroll of identify, it crumbles to dust.
D - 2 potions of degeneration Drop what? 42/52 slots (_ for help) (? for menu, Esc to quit)
You drop 2 potions of degeneration {!q}.
You feel very mighty all of a sudden.
You feel agile all of a sudden.
Okay, then.
Okay, then.
You hear the creaking of ancient gears!
A minotaur comes into view. It is wielding a rod of ignition.
The minotaur bellows!
The minotaur completely misses you. You block the minotaur's attack. x2
The minotaur misses you.
Found a wand of random effects.
Found an escape hatch in the ceiling.
You slash the minotaur! The minotaur closely misses you.
The minotaur completely misses you. You block the minotaur's attack.
The minotaur gores you!
You take 10 damage, and have 67/77 hp.
You slash the minotaur! The minotaur misses you.
The minotaur gores you but does no damage.
You block the minotaur's attack. x2
You slash the minotaur! The minotaur completely misses you.
The minotaur gores you but does no damage.
You hit the minotaur.
The minotaur hits you with a rod of ignition.
The minotaur gores you but does no damage.
The minotaur hits you with a rod of ignition!
You block the minotaur's attack.
You take 21 damage, and have 46/77 hp.
MASSIVE DAMAGE!!
You are too injured to fight recklessly!
You are too injured to fight recklessly!
You are too injured to fight recklessly!
You slash the minotaur!
The minotaur hits you with a rod of ignition!
The minotaur misses you. You block the minotaur's attack.
The minotaur gores you!
You take 20 damage, and have 26/77 hp.
MASSIVE DAMAGE!!
You barely miss the minotaur.
The minotaur furiously retaliates!
The minotaur headbutts you!
* * * LOW HITPOINT WARNING * * *
The minotaur hits you with a rod of ignition!
* * * LOW HITPOINT WARNING * * *
The minotaur gores you!
You die...

### . . ##.#
.. . ### #
### . ## #..
... ....#
#.########.#
# # #......#!
# #@####.# .
#.#.H.<#.#...
#.######. ..#
# #... ....#.
.#. #
######## .###
# . . . . . .
# .#.# ##..##
# . # . #...
... . . # #
...#. ..


You could see a minotaur.

Vanquished Creatures
  The ghost of Phenom the Ducker, a novice TrBe of Trog (D:8)
  The ghost of dickylongcocking the Zephyrmancer, a novice TeAE of Vehumet (D:7)
  A komodo dragon (Lair:1)
  2 steam dragons (D:5)
  3 hungry ghosts (Lab)
  2 wargs (D:9)
  An ice beast (D:7)
  6 ogres
  4 orc warriors (D:9)
  2 phantoms (D:6)
  A sky beast (D:6)
  A necrophage (D:7)
  5 centaurs
  9 giant frogs
  2 big kobolds (D:8)
  A water moccasin zombie (D:6)
  A scorpion (D:3)
  9 killer bees
  A howler monkey (D:4)
  6 crimson imps
  2 jellies
  6 orc priests
  3 hounds
  5 orc wizards
  A centaur skeleton (D:8)
  A giant frog skeleton (D:8)
  An iguana (D:3)
  9 worker ants
  2 hound skeletons
  13 adders
  3 gnolls
  2 shadow imps
  An ooze (D:1)
  An adder zombie (D:5)
  An adder skeleton (D:9)
  A worm (D:2)
  3 dart slugs
  3 giant geckos
  32 orcs
  A ball python (D:1)
  7 bats
  6 giant cockroaches
  12 goblins
  8 hobgoblins
  10 jackals
  6 quokkas
  A giant gecko skeleton (D:4)
  5 giant newts
  26 kobolds
  A quokka zombie (D:9)
  6 rats
  3 plants (D:8)
241 creatures vanquished.

Notes
Turn   | Place    | Note
--------------------------------------------------------------
     0 | Abyss:1  | richardnixon the Formicid Abyssal Knight began the quest for the Orb.
     0 | Abyss:1  | Reached XP level 1. HP: 18/18 MP: 2/2
    11 | D:1      | Escaped the Abyss
    89 | D:1      | Reached XP level 2. HP: 24/24 MP: 3/3
   454 | D:1      | Reached ** piety under Lugonu
   503 | D:1      | Reached skill level 3 in Invocations
   503 | D:1      | Reached XP level 3. HP: 29/29 MP: 5/5
   643 | D:1      | Reached skill level 3 in Maces & Flails
  1272 | D:2      | Reached XP level 4. HP: 34/35 MP: 6/6
  2152 | D:2      | Reached *** piety under Lugonu
  2393 | D:3      | Found a faded altar of an unknown god.
  2397 | D:3      | Reached skill level 4 in Maces & Flails
  2397 | D:3      | Reached XP level 5. HP: 34/41 MP: 7/7
  2484 | D:3      | Reached skill level 4 in Invocations
  2633 | D:3      | Found a glowing silver altar of Zin.
  2748 | D:3      | Found a hazy altar of Hepliaklqana.
  3147 | D:4      | Reached skill level 5 in Maces & Flails
  3147 | D:4      | Reached XP level 6. HP: 35/47 MP: 9/9
  3168 | D:4      | Found a glowing golden altar of the Shining One.
  3268 | D:4      | Found a sacrificial altar of Ru.
  3364 | D:4      | Found a burning altar of Makhleb.
  3557 | D:4      | HP: 9/47 [gnoll/halberd (7)]
  3600 | D:4      | Found a staircase to the Ecumenical Temple.
  3606 | D:4      | HP: 11/47 [gnoll/whip (1)]
  3611 | Temple   | Entered the Ecumenical Temple
  3617 | Temple   | HP: 11/47 [gnoll/whip (2)]
  4535 | D:4      | Found a white marble altar of Elyvilon.
  4535 | D:4      | Found a snail-covered altar of Cheibriados.
  4559 | D:4      | Got a bloodstained war axe
  4561 | D:4      | Identified the +8 war axe of Midnight {pain, +Rage MR++ Str-3 SInv} (You found it on level 4 of the Dungeon)
  4719 | D:5      | Entered Level 5 of the Dungeon
  4724 | D:5      | Reached skill level 1 in Axes
  4724 | D:5      | Reached skill level 5 in Invocations
  4724 | D:5      | Reached XP level 7. HP: 49/52 MP: 10/10
  4893 | D:5      | Reached skill level 2 in Axes
  5016 | D:5      | Reached skill level 3 in Axes
  5228 | D:5      | Noticed a steam dragon
  5228 | D:5      | Noticed a steam dragon
  5239 | D:5      | Killed a steam dragon
  5241 | D:5      | HP: 12/52 [steam dragon (6)]
  5543 | D:5      | Reached XP level 8. HP: 58/58 MP: 12/12
  5659 | D:5      | Reached skill level 4 in Axes
  5659 | D:5      | Reached skill level 6 in Invocations
  6034 | D:6      | Reached skill level 5 in Axes
  6304 | D:6      | Reached skill level 6 in Axes
  6546 | D:6      | Found a stormy altar of Qazlal.
  6567 | D:6      | Reached skill level 7 in Invocations
  6641 | D:6      | Reached XP level 9. HP: 60/64 MP: 14/14
  6666 | D:6      | Found an opulent altar of Gozag.
  6754 | D:6      | Reached **** piety under Lugonu
  6856 | D:6      | Reached skill level 7 in Axes
  7168 | D:6      | Found Kaadaikh's Food Boutique.
  7172 | D:6      | Reached skill level 8 in Invocations
  7206 | D:6      | Found a deep blue altar of Sif Muna.
  7386 | D:7      | Reached skill level 8 in Axes
  7450 | D:7      | Found an iron altar of Okawaru.
  7573 | D:7      | Noticed dickylongcocking's ghost (novice TeAE)
  7872 | D:7      | Killed dickylongcocking's ghost
  7872 | D:7      | Reached skill level 9 in Axes
  8411 | D:7      | Reached XP level 10. HP: 62/69 MP: 16/16
  8587 | D:7      | Reached skill level 10 in Axes
  8800 | D:8      | HP: 16/69 [poisoned by a killer bee]
  8805 | D:8      | HP: 13/69 [poisoned by a killer bee]
  8810 | D:8      | HP: 10/69 [poisoned by a killer bee]
  8816 | D:7      | HP: 8/69 [poisoned by a killer bee]
  8822 | D:7      | HP: 7/69 [poisoned by a killer bee]
  8830 | D:7      | HP: 7/69 [poisoned by a killer bee]
  9155 | D:8      | Noticed Phenom's ghost (novice TrBe)
  9172 | D:8      | Killed Phenom's ghost
  9172 | D:8      | Reached skill level 11 in Axes
  9364 | D:8      | Found an opulent altar of Gozag.
  9812 | D:8      | Reached ***** piety under Lugonu
 10345 | D:9      | Found Faocineu's Magic Scroll Boutique.
 10353 | D:9      | Bought a scroll of remove curse for 42 gold pieces
 10353 | D:9      | Bought a scroll of identify for 28 gold pieces
 10375 | D:9      | Found an oddly glowing altar of Pakellas.
 10465 | D:9      | Reached skill level 12 in Axes
 10849 | D:9      | Found a staircase to the Orcish Mines.
 11085 | D:9      | Reached XP level 11. HP: 47/75 MP: 17/17
 11271 | D:9      | Found a staircase to the Lair.
 11391 | D:9      | Reached skill level 1 in Shields
 11832 | D:9      | Found a sacrificial altar of Ru.
 11875 | Lair:1   | Entered Level 1 of the Lair of Beasts
 11880 | Lair:1   | Reached skill level 2 in Shields
 11900 | Lair:1   | Found a labyrinth entrance.
 11910 | Lair:1   | Reached skill level 4 in Fighting
 11931 | Lab      | Entered a labyrinth
 12131 | Lab      | Reached skill level 3 in Armour
 12131 | Lab      | Reached skill level 3 in Shields
 12224 | Lab      | Noticed a minotaur
 12231 | Lab      | HP: 19/77 [minotaur's headbutt (7)]
 12231 | Lab      | HP: 7/77 [minotaur/rod of ignition (12)]
 12231 | Lab      | Identified a +3 rod of ignition (10/10)
 12231 | Lab      | Mangled by a minotaur

Vault maps used:
D:1:      lordsloth_arrival_two_stooges
D:2:      kennysheep_the_goblin_king
D:3:      zin_statuary, old_standard_altar, ecumenical_altar_2,
          kennysheep_minor_cross, roderic_serpentine_path, amethyst_killhole
D:4:      tso_altar, nicolae_ru_awakened_eye, gammafunk_temple_overflow_wave,
          makhleb_heckhound_becter, minmay_temple_entry_grid, first_bread
D:5:      kennysheep_steamy
D:6:      kennysheep_spiral_hall, lemuel_blue_sif_altar,
          nicolae_overflow_crystal_walls, serial_shops, kennysheep_little_box,
          basic_altar
D:7:      basic_altar
D:8:      kennysheep_kobold_camp, lemuel_doored_altar, blue_anna_alchemist
D:9:      grunt_pakellas_mercury, lair_0_dummy, erik_orc_3, basic_altar,
          serial_shops, shop_fountains
Temple:   triangle_lava_temple_10
Lair:1:   minmay_lair_oklob_items, lab_entry_generic,
          lightli_volcano_entry_magma_tube, minivault_26, uniq_urug, uniq_harold
Lab:      labyrinth_spiral, lab_hedge, nicolae_lab_stuck,
          nicolae_lab_flowing_pool, nicolae_lab_diamond, nicolae_lab_garden,
          labyrinth_skeletal_remains, nicolae_lab_x, nicolae_lab_grate_2

Skill      XL: |  1  2  3  4  5  6  7  8  9 10 11 |
---------------+----------------------------------+-----
Invocations    | 3 4 5 7 8 |  8.1
Maces & Flails | 3 4 5 |  5.6
Axes           | 1 3 6 9 12 | 12.7
Shields        | 3 |  3.8
Fighting       | 4 |  4.2
Armour         | 3 |  3.3
Dodging        | |  0.8

Action                   |  1- 3 |  4- 6 |  7- 9 | 10-12 || total
-------------------------+-------+-------+-------+-------++-------
Melee: Mace              |   126 |    81 |       |       ||   207
       Whip              |       |   140 |       |       ||   140
       War axe           |       |     8 |   207 |   321 ||   536
Evoke: Wand              |       |       |     2 |       ||     2
  Use: Scroll            |       |     8 |    15 |     1 ||    24
       Potion            |       |     2 |     2 |     5 ||     9
  Eat: Chunk             |     1 |     9 |     9 |     9 ||    28
       Fruit             |       |     2 |     4 |    10 ||    16
Armor: Leather armour    |    29 |     5 |       |       ||    34
       Ring mail         |       |    86 |    29 |       ||   115
       Steam dragon armo |       |       |    67 |   124 ||   191
Dodge: Dodged            |    90 |   117 |   108 |    95 ||   410
Block: Shield            |       |       |     5 |    90 ||    95

Vault maps used:
D:1:      lordsloth_arrival_two_stooges
D:2:      kennysheep_the_goblin_king
D:3:      zin_statuary, old_standard_altar, ecumenical_altar_2,
          kennysheep_minor_cross, roderic_serpentine_path, amethyst_killhole
D:4:      tso_altar, nicolae_ru_awakened_eye, gammafunk_temple_overflow_wave,
          makhleb_heckhound_becter, minmay_temple_entry_grid, first_bread
D:5:      kennysheep_steamy
D:6:      kennysheep_spiral_hall, lemuel_blue_sif_altar,
          nicolae_overflow_crystal_walls, serial_shops, kennysheep_little_box,
          basic_altar
D:7:      basic_altar
D:8:      kennysheep_kobold_camp, lemuel_doored_altar, blue_anna_alchemist
D:9:      grunt_pakellas_mercury, lair_0_dummy, erik_orc_3, basic_altar,
          serial_shops, shop_fountains
Temple:   triangle_lava_temple_10
Lair:1:   minmay_lair_oklob_items, lab_entry_generic,
          lightli_volcano_entry_magma_tube, minivault_26, uniq_urug, uniq_harold
Lab:      labyrinth_spiral, lab_hedge, nicolae_lab_stuck,
          nicolae_lab_flowing_pool, nicolae_lab_diamond, nicolae_lab_garden,
          labyrinth_skeletal_remains, nicolae_lab_x, nicolae_lab_grate_2

Table legend:
 A = Turns spent in this place as a percentage of turns spent in the entire game.
 B = Non-inter-level travel turns spent in this place as a percentage of non-inter-level travel turns spent in the entire game.
 C = Inter-level travel turns spent in this place as a percentage of turns spent in this place.
 D = Turns resting spent in this place as a percentage of non-inter-level travel turns spent in this place.
 E = Turns spent auto-exploring this place as a percentage of non-inter-level travel turns spent in this place.
 F = Non-inter-level travel turns spent in this place divided by the number of levels of this place that you've seen.
                   A       B       C       D       E      F
               +-------+-------+-------+-------+-------+----------------------
         Total | 100.0 | 100.0 |   0.4 |   6.0 |  11.9 | 209.5
       Dungeon |  87.3 |  87.2 |   0.5 |   6.6 |  13.6 | 264.0
        Temple |   0.5 |   0.6 |   0.0 |  20.0 |   0.0 |  15.0
          Lair |   0.8 |   0.8 |   0.0 |   9.1 |   4.5 |  22.0
         Abyss |   0.3 |   0.3 |   0.0 |   0.0 |  12.5 |   8.0
     Labyrinth |  11.1 |  11.1 |   0.0 |   0.7 |   0.0 | 303.0
               +-------+-------+-------+-------+-------+----------------------

Table legend:
 A = Kills in this place as a percentage of kills in entire the game.
 B = Kills by you in this place as a percentage of kills by you in the entire game.
 C = Kills by friends in this place as a percentage of kills by friends in the entire game.
 D = Other kills in this place as a percentage of other kills in the entire game.
 E = Experience gained in this place as a percentage of experience gained in the entire game.
 F = Experience gained in this place divided by the number of levels of this place that you have seen.
                   A       B       C       D       E      F
               +-------+-------+-------+-------+-------+----------------------
         Total | 100.0 | 100.0 |  -nan |  -nan | 100.0 | 709.8
       Dungeon |  97.5 |  97.5 |  -nan |  -nan |  89.0 | 912.7
        Temple |   0.4 |   0.4 |  -nan |  -nan |   0.2 |  14.0
          Lair |   0.8 |   0.8 |  -nan |  -nan |   5.0 | 462.0
     Labyrinth |   1.3 |   1.3 |  -nan |  -nan |   5.8 | 537.0
               +-------+-------+-------+-------+-------+----------------------
